 Dungeon Crawl Stone Soup version 0.25.1-2-g60ff931df9 (webtiles) character file.

Game seed: 11648134857327483713

191 Kaptain the Firebug (level 5, 0/45 HPs)
             Began as a Gargoyle Fire Elementalist on Sept 11, 2020.
             Slain by a mummy (11 damage)
             ... in an ossuary.
             The game lasted 00:10:35 (3325 turns).

Kaptain the Firebug (Gargoyle Fire Elementalist)    Turns: 3325, Time: 00:10:36

Health: 0/45       AC: 22    Str: 11    XL:     5   Next: 70%
Magic:  0/9        EV:  2    Int: 19    God:
Gold:   179        SH:  0    Dex: 10    Spells: 9/10 levels left

rFire    . . .     SeeInvis .   s - +1 dagger (speed)
rCold    . . .     Gourm    .   (no shield)
rNeg     + + +     Faith    .   (armour currently unavailable)
rPois    ∞         Spirit   .   (helmet currently unavailable)
rElec    .         Reflect  .   (cloak currently unavailable)
rCorr    .         Harm     .   (gloves currently unavailable)
MR       .....     NoTele   +   (boots currently unavailable)
Stlth    ++........             q - amulet of regeneration
HPRegen  0.55/turn              (no ring)
MPRegen  0.11/turn              (no ring)

@: mighty, tree-form
A: blurry vision 1, clever 1, negative energy resistance 1, petrification
resistance, rot immunity, AC +4
a: no special abilities


You were in an ossuary.
You were very hungry.
You were a tree.
You visited 1 branch of the dungeon, and saw 4 of its levels.
You also visited: Ossuary.

You collected 179 gold pieces.

Inventory:

Hand Weapons
 s - a +1 dagger of speed (weapon)
Missiles
 d - 139 stones (quivered)
Armour
 a - a +0 robe (melded)
 g - a +0 cloak (melded)
 k - a +0 pair of boots (melded)
 n - a +1 hat (melded)
Jewellery
 e - an uncursed amulet of faith {unknown}
 i - an uncursed ring of protection from magic {unknown}
 q - an amulet of regeneration (around neck)
Scrolls
 b - 2 scrolls of remove curse
 j - a scroll of identify
 m - 2 scrolls of magic mapping
 r - a scroll of amnesia {unknown}
Potions
 f - a potion of flight {unknown}
 h - a potion of lignification
 l - a potion of mutation
 o - 2 potions of might
Comestibles
 c - 11 rations


   Skills:
 + Level 1.7 Fighting
 + Level 1.6 Armour
 - Level 1.5 Dodging
 - Level 2.1 Stealth
 * Level 3.1 Spellcasting
 * Level 3.0 Conjurations
 * Level 4.1 Fire Magic


You had 9 spell levels left.
You knew the following spells:

 Your Spells              Type           Power        Failure   Level  Hunger
a - Foxfire               Conj/Fire      ###.         3%          1    None

Your spell library contained the following spells:

 Spells                   Type           Power        Failure   Level  Hunger
 Conjure Flame            Conj/Fire      ###.....     11%         3    ###....
 Inner Flame              Hex/Fire       ##......     21%         3    ###....
 Sticky Flame             Conj/Fire      ###.....     34%         4    ####...
 Fireball                 Conj/Fire      ###.......   67%         5    ######.


Dungeon Overview and Level Annotations

Branches:
Dungeon (4/15)            Ossuary (1/1)
 Temple: D:4-7

Altars:
Ashenzari
Cheibriados
Ru
Trog


Innate Abilities, Weirdness & Mutations

You are resistant to torment.
((Your stone body is resilient. (AC +4)))
You are immune to poison.
You resist negative energy. (rN+)
((You are resistant to electric shocks. (rElec)))
((You can survive without breathing.))
You are immune to petrification.
You are immune to rotting.
((Your skin changes colour to match your surroundings (Stealth+).))
Scrolls take you a little longer to read.
Your mind is acute. (Int +2)
((Armour fits poorly on your strangely shaped body.))


Message History

It was a potion of lignification.
You turn into a tree.
Your +0 cloak melds into your body.
Your +1 hat melds into your body.
Your +0 pair of boots melds into your body.
Your +0 robe melds into your body.
Your roots penetrate the ground.
The foxfire hits the mummy.
The mummy is lightly damaged.
The foxfire hits the mummy.
The mummy is lightly damaged.
You puncture the mummy!
The mummy is heavily damaged.
The mummy hits you.
* * * LOW HITPOINT WARNING * * *
It was a potion of mutation.
You feel extremely strange.
Your body twists and deforms.
Your vision blurs.
Your skin functions as natural camouflage.
You feel clever.
You barely miss the mummy.
The mummy is heavily damaged.
The mummy hits you!
You die...

###
######..#
#.♣....##
+.M.∩...#
#......##
######..#
###


You could see a mummy.

Vanquished Creatures
  A bullfrog (D:2)
  3 mummies
  2 adders (D:2)
  2 worms
  2 leopard geckos
  An orc (D:3)
  5 giant cockroaches
  6 goblins
  7 hobgoblins
  4 jackals (D:2)
  11 kobolds
  A quokka (D:3)
  4 ball pythons
  3 bats
  3 frilled lizards
  A jackal skeleton (D:2)
  An orc zombie (D:4)
  7 rats
64 creatures vanquished.

Vanquished Creatures (others)
  173 foxfires
173 creatures vanquished.

Grand Total: 237 creatures vanquished

Notes
Turn   | Place    | Note
-------+----------+-------------------------------------------
     0 | D:1      | Kaptain the Gargoyle Fire Elementalist began the quest for
                  | the Orb.
     0 | D:1      | Reached XP level 1. HP: 10/10 MP: 3/3
   113 | D:1      | Reached XP level 2. HP: 14/15 MP: 0/5
   870 | D:2      | Found a shattered altar of Ashenzari.
   924 | D:2      | Reached XP level 3. HP: 17/20 MP: 0/6
  1101 | D:2      | Found a bloodstained altar of Trog.
  1219 | D:2      | Reached skill level 1 in Fighting
  1252 | D:2      | Reached skill level 1 in Armour
  1543 | D:2      | Reached XP level 4. HP: 25/25 MP: 2/7
  1687 | D:2      | Found a snail-covered altar of Cheibriados.
  1774 | D:2      | Noticed a bullfrog
  1784 | D:2      | Killed a bullfrog
  1784 | D:2      | Reached XP level 5. HP: 13/29 MP: 3/9
  2929 | D:3      | Reached skill level 4 in Fire Magic
  3224 | D:4      | Found a sacrificial altar of Ru.
  3280 | D:4      | Found a bloodstained altar of Trog.
  3288 | D:4      | Found a sand-covered staircase.
  3305 | Ossuary  | Entered an ossuary
  3324 | Ossuary  | Gained mutation: Armour fits poorly on your strangely
                  | shaped body. [potion of mutation]
  3324 | Ossuary  | Gained mutation: Scrolls take you a little longer to read.
                  | [potion of mutation]
  3324 | Ossuary  | Gained mutation: Your skin changes colour to match your
                  | surroundings (Stealth+). [potion of mutation]
  3324 | Ossuary  | Gained mutation: Your mind is acute. (Int +2) [potion of
                  | mutation]
  3325 | Ossuary  | Slain by a mummy

Illustrated notes

Levels and vault maps discovered:
D:1:      minmay_arrival_four_circles, layout_basic, minmay_misc_feat_chi
D:2:      layout_loops_ring, lemuel_round_altar, ashenzari_altar_1, trog_book
D:3:      layout_basic, first_ration
D:4:      layout_rooms, nicolae_overflow_crystal_walls,
          nicolae_ossuary_entry_giza, gammafunk_ghost_nasty_kobolds,
          nicolae_ru_path_of_blood
Ossuary:  ossuary_minmay_chase

Skill      XL: |  1  2  3  4  5 |
---------------+----------------+-----
Conjurations   | 2 3 |  3.0
Fighting       | 1 |  1.7
Armour         | 1 |  1.6
Fire Magic     | 4 |  4.1
Spellcasting   | 3 |  3.1
Dodging        | |  1.5
Stealth        | |  2.1

Action                   |  1- 3 |  4- 6 || total
-------------------------+-------+-------++-------
Melee: Dagger            |    24 |    21 ||    45
 Cast: Foxfire           |    58 |    47 ||   105
  Use: Scroll            |       |     4 ||     4
       Potion            |       |     3 ||     3
  Eat: Chunk             |     3 |     4 ||     7
Armor: Robe              |    14 |     6 ||    20
Dodge: Dodged            |    22 |    14 ||    36
